 Dungeon Crawl Stone Soup version 0.28-a0-1616-g050a50673c (webtiles) character file.

Game seed: 18209776064927405006

220 a3don the Poker (level 5, 0/47 HPs)
             Began as a Merfolk Chaos Knight on Jan 22, 2022.
             Was a Plaything of Xom.
             Slain by an ogre (7 damage)
             ... on level 3 of the Dungeon.
             The game lasted 00:04:55 (2183 turns).

a3don the Poker (Merfolk Chaos Knight)              Turns: 2183, Time: 00:04:55

Health: 0/47       AC:  9    Str: 12    XL:     5   Next: 97%
Magic:  7/7        EV: 12    Int: 14    God:    Xom [*.....]
Gold:   87         SH:  0    Dex: 11    Spells: 6/6 levels left

rFire   . . .      SeeInvis .   a - +0 spear (chaos)
rCold   + . .      Faith    .   (no shield)
rNeg    + . .      Spirit   .   b - +2 leather armour
rPois   .          Reflect  .   j - +2 hat
rElec   .          Harm     .   o - +1 cloak
rCorr   .          Rampage  .   (no gloves)
Will    .....                   (no boots)
Stlth   +.........              (no amulet)
HPRegen 0.15/turn               f - ring of positive energy
MPRegen 0.10/turn               (no ring)

@: no status effects
A: (nimble swimmer 2), mertail, clumsy 1, cold resistance 1, robust 1, wild
magic 1, MP-powered wands
a: Renounce Religion


You were on level 3 of the Dungeon.
You worshipped Xom.
You were a special plaything of Xom.
You visited 1 branch of the dungeon, and saw 3 of its levels.

You collected 87 gold pieces.

Inventory:

Hand Weapons
 a - a +0 spear of chaos (weapon)
 n - a +0 hunting sling
Missiles
 g - 75 stones (quivered)
 m - 77 sling bullets
 q - 4 silver javelins
Armour
 b - a +2 leather armour (worn)
 j - a +2 hat (worn)
 l - a +0 ring mail
 o - a +1 cloak (worn)
Jewellery
 f - a ring of positive energy (left hand)
Wands
 s - a wand of iceblast (6)
Scrolls
 d - 5 scrolls of teleportation {unknown}
 e - a scroll of identify {unknown}
 r - a scroll of amnesia {unknown}
Potions
 c - a potion of resistance {unknown}
 h - 4 potions of heal wounds {unknown}
 i - a potion of brilliance {unknown}
 k - a potion of berserk rage {unknown}
 p - a potion of might {unknown}


   Skills:
 + Level 4.3 Fighting
 + Level 5.8 Polearms
 + Level 2.0 Armour
 + Level 4.4 Dodging
 + Level 1.3 Spellcasting


You had 6 spell levels left.
You didn't know any spells.
Your spell library contained the following spells:

 Spells                   Type           Power      Damage    Failure   Level
 Corpse Rot               Necr/Air       2%         N/A       52%         2
 Stone Arrow              Conj/Erth      2%         3d7       75%         3
 Dispel Undead            Necr           1%         3d6       98%         4
 Leda's Liquefaction      Hex/Erth       0%         N/A       98%         4
 Petrify                  Tmut/Erth      1%         N/A       98%         4
 Manifold Assault         Tloc           1%         N/A       100%        5
 Death Channel            Necr           0%         N/A       100%        6


Dungeon Overview and Level Annotations

Branches:
Dungeon (3/15)

Altars:


Innate Abilities, Weirdness & Mutations

((You are very nimble when in or above water. (Stealth+, EV+, Speed+++)))
Your lower body shifts to a powerful aquatic tail in water.
You are clumsy. (Dex -2)
Your flesh is cold resistant. (rC+)
You are robust. (+10% HP)
Your spells are a little harder to cast, but a little more powerful.
You expend magic power (3 MP) to strengthen your wands.


Message History

The scorpion closely misses you. The rat barely misses you.
You closely miss the scorpion.
The scorpion is severely wounded.
The scorpion barely misses you. The rat closely misses you.
You hit the scorpion but do no damage. Lightning courses through the scorpion!
You kill the scorpion!
Your Armour skill increases to level 2!
You closely miss the rat. The rat bites you.
You hit the rat.
You kill the rat!
You see here a scorpion corpse.
m - 77 sling bullets (gained 15)
You now have 87 gold pieces (gained 17).
An ogre comes into view. It is wielding a +0 giant spiked club.
The ogre shouts!
You reach to attack!
You hit the ogre.
The ogre easily resists.
The ogre is lightly wounded.
You reach to attack!
You hit the ogre.
The ogre is poisoned.
The ogre is lightly wounded.
You hit the ogre.
The ogre is moderately wounded.
The ogre closely misses you.
You hit the ogre but do no damage.
The ogre flickers and vanishes!
Deactivating autopickup; reactivate with Ctrl-A.
Xom is highly amused!
Something hits you!!
A shower of butterflies erupts from you!
Something barely misses your butterfly.
You swap places.
Your butterfly disappears in a puff of smoke!
Your butterfly disappears in a puff of smoke!
Something hits you!
Your butterfly disappears in a puff of smoke!
Something hits you!
* * * LOW HITPOINT WARNING * * *
You hit something. You hit something.
Nothing appears to happen.
Something barely misses you.
You closely miss something. Something hits you!
You die... "This toy is broken."

#..#.....##........#.####.# #
#...........##............. #
#.#...<.........#.b...###.# #
#........<..#.........##...
#######.#.........#..#.)###.#####
.................>.......##.## #
#######.#.#.......##.#.......# #
##### #.#............#.†.....# #
.....##.###.....@.##...†....#####
##..............)................
##.....######....................
...........####..#####.##########
..##+#.....# #..# #.#
..##.......# ##.# #.#
..##..)....## #.# #.#
####........# #.# #.# #........#
#.. ...


There were no monsters in sight!

Vanquished Creatures
  A scorpion (D:3)
  A water moccasin skeleton (D:3)
  6 adders
  5 orcs (D:3)
  3 endoplasms
  A giant cockroach (D:1)
  7 goblins
  3 hobgoblins
  7 kobolds
  7 ball pythons (D:1)
  4 bats
  2 frilled lizards (D:1)
  3 rats (D:3)
50 creatures vanquished.

Vanquished Creatures (others)
  4 plants (D:1)
4 creatures vanquished.

Grand Total: 54 creatures vanquished

Notes
Turn   | Place    | Note
-------+----------+-------------------------------------------
     0 | D:1      | a3don the Merfolk Chaos Knight began the quest for the Orb.
     0 | D:1      | Reached XP level 1. HP: 18/18 MP: 1/1
   114 | D:1      | Reached XP level 2. HP: 24/24 MP: 2/2
   123 | D:1      | XOM: silly message
   223 | D:1      | Got the Incunabulum of the Ashen Voyage
   272 | D:1      | Reached skill level 1 in Armour
   419 | D:1      | XOM: 2-stop teleportation journey
   644 | D:1      | XOM: torment (15/24 hp)
   710 | D:1      | XOM: give mutations
   710 | D:1      | Gained mutation: Your spells are a little harder to cast,
                  | but a little more powerful. [Xom's mischief]
   710 | D:1      | Gained mutation: You are clumsy. (Dex -2) [Xom's mischief]
   756 | D:1      | Found a faded altar of an unknown god.
   781 | D:1      | XOM is BORED!
  1188 | D:2      | Reached XP level 3. HP: 30/30 MP: 3/3
  1209 | D:2      | XOM: noise
  1393 | D:2      | Reached skill level 5 in Polearms
  1440 | D:2      | Reached XP level 4. HP: 37/37 MP: 4/4
  1593 | D:2      | XOM: give mutations
  1593 | D:2      | Gained mutation: You are robust. (+10% HP) [Xom's grace]
  1593 | D:2      | Gained mutation: You expend magic power (3 MP) to
                  | strengthen your wands. [Xom's grace]
  1593 | D:2      | Gained mutation: Your flesh is cold resistant. (rC+) [Xom's
                  | grace]
  1832 | D:3      | Noticed a scorpion
  1832 | D:3      | XOM: 1-stop teleportation journey
  1992 | D:3      | Reached skill level 1 in Spellcasting
  1992 | D:3      | Reached XP level 5. HP: 43/46 MP: 4/6
  2153 | D:3      | Noticed an ogre
  2157 | D:3      | XOM: butterfly on damage
  2183 | D:3      | Slain by an ogre

Illustrated notes

Levels and vault maps discovered:
D:1:      roderic_crop_circles_arrival_large, layout_basic,
          nicolae_ecumenical_lake_church
D:2:      layout_basic
D:3:      layout_basic

Skill      XL: |  1  2  3  4  5 |
---------------+----------------+-----
Dodging        | 3 4 |  4.4
Armour         | 1 2 |  2.0
Polearms       | 5 |  5.8
Fighting       | 4 |  4.3
Spellcasting   | 1 |  1.3

Action                   |  1- 3 |  4- 6 || total
-------------------------+-------+-------++-------
Melee: Spear             |    96 |    80 ||   176
Throw: Stone             |       |     1 ||     1
Armor: Leather armour    |    24 |    15 ||    39
Dodge: Dodged            |    38 |    40 ||    78

Table legend: (Time is in decaauts)
 A = Elapsed time spent in this place.
 B = Non-inter-level travel time spent in this place.
 C = Inter-level travel time spent in this place.
 D = Time resting spent in this place.
 E = Time spent auto-exploring this place.
 F = Levels seen in this place.
 G = Mean time per level.
                   A        B        C        D        E       F      G
               +--------+--------+--------+--------+--------+-----+--------+
         Total |   2146 |   2099 |     47 |      0 |   1678 |   3 |  715.3 |
       Dungeon |   2146 |   2099 |     47 |      0 |   1678 |   3 |  715.3 |
               +--------+--------+--------+--------+--------+-----+--------+

Top non-repeatable levels by time:
     D:1: 988 daAuts
     D:2: 819 daAuts
     D:3: 337 daAuts
